 Dungeon Crawl Stone Soup version 0.28.0 (webtiles) character file.

Game seed: 18424810210098869108

1738 lonewolfV2 the Grappler (level 8, -1/75 HPs)
             Began as a Troll Fighter on Feb 10, 2022.
             Slain by an orc warrior (16 damage)
             ... on level 6 of the Dungeon.
             The game lasted 00:07:22 (5606 turns).

lonewolfV2 the Grappler (Troll Fighter)             Turns: 5606, Time: 00:07:23

Health: -1/75      AC:  8    Str: 27    XL:     8   Next: 77%
Magic:  7/7        EV:  9    Int:  4    God:
Gold:   283        SH:  8    Dex:  9    Spells: 7/7 levels left

rFire   . . .      SeeInvis .     - Unarmed
rCold   . . .      Faith    .   b - +0 kite shield
rNeg    . . .      Spirit   .   a - +0 robe
rPois   .          Reflect  .   (helmet restricted)
rElec   .          Harm     .   (no cloak)
rCorr   .          Rampage  .   (gloves unavailable)
Will    .....                   (boots unavailable)
Stlth   +.........              (no amulet)
HPRegen 1.02/turn               d - +4 ring of protection
MPRegen 0.10/turn               (no ring)

@: lethally poisoned (-1 -> -31)
A: large, unfitting armour, claws 3, regeneration 1, shaggy fur 1, tough skin 1
a: no special abilities


You were on level 6 of the Dungeon.
You visited 2 branches of the dungeon, and saw 7 of its levels.

You collected 283 gold pieces.

Inventory:

Armour
 a - a +0 robe (worn)
 b - a +0 kite shield (worn)
Jewellery
 d - a +4 ring of protection (left claw)
Scrolls
 k - 2 scrolls of identify
 o - a scroll of acquirement {unknown}
 p - a scroll of magic mapping {unknown}
Potions
 c - a potion of might
 e - a potion of curing
 f - a potion of lignification
 g - a potion of resistance
 h - a potion of degeneration {unknown}
 i - a potion of haste {unknown}
 j - 4 potions of heal wounds
 l - a potion of brilliance {unknown}
 m - a potion of mutation {unknown}
 n - a potion of flight {unknown}
 q - a potion of attraction {unknown}


   Skills:
 + Level 3.4 Fighting
 + Level 5.1 Dodging
 + Level 1.2 Stealth
 + Level 4.3 Shields
 + Level 8.2 Unarmed Combat


You had 7 spell levels left.
You didn't know any spells.
Your spell library contained the following spells:

 Spells                   Type           Power      Damage    Failure   Level
 Corpse Rot               Necr/Air       0%         N/A       89%         2
 Dispel Undead            Necr           0%         3d6       100%        4
 Summon Lightning Spire   Summ/Air       0%         N/A       100%        4
 Blade Hands              Tmut           0%         N/A       100%        5
 Irradiate                Conj/Tmut      0%         3d13      100%        5
 Death Channel            Necr           0%         N/A       100%        6
 Dragon Form              Tmut           0%         N/A       100%        7
 Storm Form               Tmut/Air       0%         N/A       100%        7
 Maxwell's Capacitive Co  Air            0%         ∞         100%        8


Dungeon Overview and Level Annotations

Branches:
Dungeon (6/15)             Temple (1/1) D:5

Altars:
Ashenzari
Cheibriados
Dithmenos
Elyvilon
Fedhas
Gozag
Hepliaklqana
Kikubaaqudgha
Makhleb
Nemelex Xobeh
Okawaru
Qazlal
Ru
Sif Muna
Trog
Uskayaw
Vehumet
Wu Jian
Xom
Zin
The Shining One


Innate Abilities, Weirdness & Mutations

You are too large for most types of armour.
You have claws for hands.
Your natural rate of healing is unusually fast.
You are covered in fur. (AC +1)
You have tough skin. (AC +1)


Message History

You kill the water moccasin!
You feel very sick.
You feel sick.
You see here a water moccasin corpse.
You feel sick.
You feel sick.
You feel sick.
You feel sick.
You feel sick.
You feel sick.
You are no longer poisoned.
You open the door.
An orc warrior comes into view. It is wielding a +1 scimitar of venom.
An orc warrior is nearby!
An orc warrior is nearby!
An orc comes into view. It is wielding a +0 club.
The orc shouts!
You block the orc warrior's attack.
There is an open door here.
You scratch the orc warrior.
The orc warrior is lightly wounded.
A sky beast comes into view.
The orc warrior hits you with a +1 scimitar of venom!
You are poisoned.
You scratch the orc warrior.
The orc warrior is moderately wounded.
You feel very sick.
The orc warrior hits you with a +1 scimitar of venom!!
You are more poisoned.
You claw the orc warrior!
The orc warrior is severely wounded.
You feel extremely sick.
The orc warrior hits you with a +1 scimitar of venom!
You are more poisoned.
You barely miss the orc warrior.
The orc warrior is severely wounded.
* * * LOW HITPOINT WARNING * * *
You feel extremely sick.
The orc warrior hits you with a +1 scimitar of venom!
You die...

#.######.....#+#...#
#........##........#+
#######..###........##
#†.# #.........# #..#
+#...#..... #..#
#.........#
#..###........#
#..##........#+
#......#@#...#
#..#####o##..# #..#


Yo. #.# #..# ..... .# ####### You could see an orc warrior, a sky beast and an
orc.

Vanquished Creatures
  A steam dragon (D:5)
  A water moccasin (D:6)
  An orc warrior (D:4)
  3 ogres (D:5)
  2 necrophages (D:5)
  2 centaurs
  A scorpion (D:5)
  2 wyvern zombies (D:6)
  2 water moccasin skeletons (D:6)
  2 orc priests (D:3)
  A gnoll shaman (D:6)
  An iguana (D:5)
  Natasha (thrice) (D:4)
  3 orc wizards
  A hound zombie (D:5)
  Robin (D:4)
  6 adders
  10 gnolls
  A howler monkey skeleton (D:5)
  An adder skeleton (D:5)
  An adder zombie (D:5)
  3 worms
  12 orcs
  8 ball pythons
  7 endoplasms
  A giant cockroach (D:4)
  13 goblins
  11 hobgoblins
  3 quokkas
  6 bats
  A frilled lizard (D:1)
  8 kobolds
  6 rats
125 creatures vanquished.

Vanquished Creatures (others)
  An adder (D:5)
  A bush (D:5)
  A plant (D:4)
3 creatures vanquished.

Grand Total: 128 creatures vanquished

Notes
Turn   | Place    | Note
-------+----------+-------------------------------------------
     0 | D:1      | lonewolfV2 the Troll Fighter began the quest for the Orb.
     0 | D:1      | Reached XP level 1. HP: 22/22 MP: 0/0
   160 | D:1      | Reached XP level 2. HP: 29/29 MP: 1/1
   480 | D:1      | Reached XP level 3. HP: 36/36 MP: 2/2
   763 | D:2      | Found a faded altar of an unknown god.
  1316 | D:2      | Reached skill level 3 in Unarmed Combat
  1316 | D:2      | Reached XP level 4. HP: 33/44 MP: 3/3
  1585 | D:3      | Found a glowing golden altar of the Shining One.
  1760 | D:3      | Reached XP level 5. HP: 37/52 MP: 4/4
  1765 | D:3      | Reached skill level 4 in Unarmed Combat
  2329 | D:4      | Noticed an orc warrior
  2345 | D:4      | Killed an orc warrior
  2346 | D:4      | Reached XP level 6. HP: 28/61 MP: 5/5
  2365 | D:4      | Noticed Robin
  2387 | D:4      | Killed Robin
  2588 | D:4      | Noticed Natasha
  2594 | D:4      | Killed Natasha
  2622 | D:4      | Reached skill level 5 in Unarmed Combat
  2624 | D:4      | Noticed Natasha
  2627 | D:4      | Killed Natasha
  2912 | D:4      | Noticed Natasha
  2923 | D:4      | Killed Natasha
  2951 | D:5      | Entered Level 5 of the Dungeon
  3232 | D:5      | Noticed a steam dragon
  3243 | D:5      | Killed a steam dragon
  3244 | D:5      | Reached XP level 7. HP: 27/67 MP: 6/6
  3514 | D:5      | Reached skill level 6 in Unarmed Combat
  3553 | D:5      | Found a staircase to the Ecumenical Temple.
  3601 | Temple   | Entered the Ecumenical Temple
  4049 | D:5      | Reached XP level 8. HP: 30/75 MP: 7/7
  4674 | D:5      | Reached skill level 1 in Stealth
  4674 | D:5      | Reached skill level 7 in Unarmed Combat
  5453 | D:6      | Reached skill level 5 in Dodging
  5466 | D:6      | Reached skill level 8 in Unarmed Combat
  5507 | D:6      | Identified the +4 ring mail of Amap {+Blink Str+3 Slay+3}
  5606 | D:6      | Slain by an orc warrior

Illustrated notes

Levels and vault maps discovered:
D:1:      dpeg_arrival_ternary, layout_basic, dk_noncrumbling_4, feat_on_display
D:2:      layout_loops_ring, hellmonk_ecumenical_altar_lost_god
D:3:      layout_loops_ring, mainiacjoe_overflow_chevrons
D:4:      layout_loops_ring, corexii_shack, uniq_robin, uniq_natasha
D:5:      layout_basic, minmay_temple_entry_glass, kb_lookout_dungeons_type,
          grunt_ministairs_12, minmay_liquid_box
D:6:      layout_basic, serial_undead, serial_undead_c, serial_undead_d,
          serial_undead_c, serial_undead_c, minmay_pentangle, uniq_duvessa,
          uniq_menkaure, uniq_blork_the_orc, uniq_maggie
Temple:   mainiacjoe_temple_cubbyholes

Skill      XL: |  1  2  3  4  5  6  7  8 |
---------------+-------------------------+-----
Dodging        | 3 4 5 |  5.1
Unarmed Combat | 3 4 5 6 8 |  8.2
Shields        | 3 4 |  4.3
Fighting       | 3 |  3.4
Stealth        | 1 |  1.2

Action                   |  1- 3 |  4- 6 |  7- 9 || total
-------------------------+-------+-------+-------++-------
Melee: Unarmed           |   109 |   138 |   113 ||   360
  Use: Scroll            |     1 |     6 |     1 ||     8
 Stab: Sleeping          |       |     1 |       ||     1
Armor: Robe              |    45 |    77 |    52 ||   174
Dodge: Dodged            |    49 |    53 |    65 ||   167
Block: Kite shield       |    42 |    59 |    52 ||   153
